 Dungeon Crawl Stone Soup version 0.30-a0-1053-gbd8d5ba0ad (webtiles) character file.

Game seed: 9883646557500931526

106 retardedninja the Trooper (level 4, -4/44 HPs)
             Began as a Naga Fighter on Apr 11, 2023.
             Slain by a gnoll
             ... wielding a +0 halberd
              (7 damage)
             ... on level 3 of the Dungeon.
             The game lasted 00:02:45 (1563 turns).

retardedninja the Trooper (Naga Fighter)            Turns: 1563, Time: 00:02:46

Health: -4/44      AC:  5    Str: 20    XL:     4   Next: 84%
Magic:  4/4        EV:  7    Int:  8    God:
Gold:   49         SH:  4    Dex: 11    Spells: 3/3 levels left

rFire   . . .      SeeInvis +    a - +0 war axe
rCold   . . .      Faith    .    c - +0 buckler
rNeg    . . .      Spirit   .    b - +0 scale mail
rPois   +          Reflect  .    (no helmet)
rElec   .          Rampage  .    (no cloak)
rCorr   .                        (no gloves)
Will    .....                    (no barding) Stlth
                                 (no amulet)
HPRegen 0.27/turn                (no ring)
MPRegen 0.09/turn                (no ring)

@: mighty, very slow
A: AC +1, large, see invisible, deformed body, poison resistance, slowness 2,
spit poison 1, naga tail 1
a: Spit Poison


You were on level 3 of the Dungeon.
You visited 1 branch of the dungeon, and saw 3 of its levels.

You collected 49 gold pieces.

Inventory:

Hand Weapons
 a - a +0 war axe (weapon)
Armour
 b - a +0 scale mail (worn)
 c - a +0 buckler (worn)
Jewellery
 k - a +4 ring of protection
Scrolls
 e - a scroll of enchant weapon {unknown}
 h - a scroll of poison {unknown}
 i - 2 scrolls of identify {unknown}
 j - 4 scrolls of immolation {unknown}
 l - a scroll of fog {unknown}
Potions
 f - a potion of mutation {unknown}
 g - a potion of degeneration {unknown}


   Skills:
 + Level 3.7 Fighting
 + Level 2.9 Axes
 + Level 3.0 Armour
 + Level 3.3 Shields


You had 3 spell levels left.
You didn't know any spells.
Your spell library was empty.

Dungeon Overview and Level Annotations

Branches:
Dungeon (3/15)

Altars:


Innate Abilities, Weirdness & Mutations

Your serpentine skin is tough. (AC +1)
You have supernaturally acute eyesight. (SInv)
Armour fits poorly on your strangely shaped body.
Your system is resistant to poisons. (rPois)
You cover ground very slowly.
You can spit poison.
You have a snake-like lower body.


Message History

Something shouts, "Turn tail, thou vain tardy-gaited flax-wench!"
There are monsters nearby!
There are monsters nearby!
You hit the jackal.
The jackal is moderately wounded.
You hear a bark!
A jackal comes into view.
The jackal bites you. x3
You barely miss the jackal. You hit the jackal.
You kill the jackal!
The jackal bites you but does no damage. x2
A gnoll comes into view. It is wielding a +0 halberd.
The jackal bites you but does no damage.
You barely miss the jackal. You hit the jackal. The jackal bites you.
The jackal barely misses you.
The jackal bites you but does no damage.
You slash the jackal!
You kill the jackal!
You slash the jackal!
You kill the jackal!
You block the gnoll's attack.
A jackal comes into view.
The gnoll hits you from afar with a +0 halberd!
You feel very mighty all of a sudden.
The jackal barks!
The gnoll hits you from afar with a +0 halberd.
Unknown command.
The gnoll hits you with a +0 halberd.
A gnoll comes into view. It is wielding a +0 whip.
The jackal bites you.
You see here a jackal corpse.
You barely miss the gnoll. You closely miss the jackal.
The gnoll hits you with a +0 halberd!
* * * LOW HITPOINT WARNING * * *
The jackal bites you.
* * * LOW HITPOINT WARNING * * *
You block the gnoll's attack.
You barely miss the gnoll. You barely miss the jackal.
You block the jackal's attack. x2; The gnoll hits you with a +0 halberd!
You die...

.#... ..... #
...# ####.#
#..# #.@gg#
#..# #h####
#..# #.#
#..###.#####.
#............#
##.###.#######
#.# #.#
#######.# #.#
.......)###<#


You could see 2 gnolls and a jackal.

Vanquished Creatures
  A howler monkey skeleton (D:2)
  3 adders
  An adder zombie (D:2)
  An adder skeleton (D:2)
  A worm (D:2)
  A dart slug (D:2)
  2 ball pythons
  4 endoplasms
  3 giant cockroaches
  3 goblins
  7 hobgoblins
  3 jackals (D:3)
  5 kobolds
  A quokka (D:1)
  2 ball python skeletons (D:2)
  8 bats
  3 frilled lizards
  8 rats
57 creatures vanquished.

Vanquished Creatures (others)
  3 withered plants (D:2)
3 creatures vanquished.

Grand Total: 60 creatures vanquished

Notes
Turn   | Place    | Note
-------+----------+-------------------------------------------
     0 | D:1      | retardedninja the Naga Fighter began the quest for the Orb.
     0 | D:1      | Reached XP level 1. HP: 21/21 MP: 1/1
   174 | D:1      | Reached XP level 2. HP: 28/28 MP: 2/2
   459 | D:1      | Reached XP level 3. HP: 32/34 MP: 3/3
   918 | D:2      | Reached XP level 4. HP: 40/42 MP: 4/4
   935 | D:2      | Identified the +0 leather armour "Ikhoin Roco" {rF+}
  1338 | D:2      | Found a faded altar of an unknown god.
  1563 | D:3      | Slain by a gnoll

Illustrated notes

Levels and vault maps discovered:
D:1:      evilmike_arrival_crescent, layout_rooms, minmay_hexomino_p4
D:2:      layout_rooms, hellmonk_ecumenical_altar_inner_sanctum, serial_undead,
          serial_undead_a, serial_undead_b, serial_undead_c, serial_undead_b,
          serial_undead_b, serial_undead_a, serial_undead_f, serial_undead_c
D:3:      layout_loops_ring, nemelex_spade_bored_becter

Skill      XL: |  1  2  3  4 |
---------------+-------------+-----
Shields        | 3 |  3.3
Armour         | 3 |  3.0
Fighting       | |  3.7
Axes           | |  2.9

Action                     |  1- 3 |  4- 6 || total
---------------------------+-------+-------++-------
  Melee: War axe           |    97 |    46 ||   143
    Use: Potion            |       |     1 ||     1
 Armour: Scale mail        |    57 |    31 ||    88
  Dodge: Dodged            |    50 |    13 ||    63
  Block: Buckler           |    29 |    18 ||    47

Table legend: (Time is in decaauts)
 A = Elapsed time spent in this place.
 B = Non-inter-level travel time spent in this place.
 C = Inter-level travel time spent in this place.
 D = Time resting spent in this place.
 E = Time spent auto-exploring this place.
 F = Levels seen in this place.
 G = Mean time per level.
                   A        B        C        D        E       F      G
               +--------+--------+--------+--------+--------+-----+--------+
         Total |   1979 |   1902 |     77 |    283 |   1232 |   3 |  659.7 |
       Dungeon |   1979 |   1902 |     77 |    283 |   1232 |   3 |  659.7 |
               +--------+--------+--------+--------+--------+-----+--------+

Top non-repeatable levels by time:
     D:1: 1002 daAuts
     D:2: 899 daAuts
     D:3: 76 daAuts
